 Dungeon Crawl Stone Soup version 0.20-a0-553-g9f38e11 (webtiles) character file.

277 drasked the Magician (level 6, -1/32 HPs)
             Began as a Deep Elf Ice Elementalist on Feb 3, 2017.
             Slain by a gnoll
             ... wielding a +0 halberd
              (10 damage)
             ... on level 4 of the Dungeon.
             The game lasted 00:11:08 (3731 turns).

drasked the Magician (Deep Elf Ice Elementalist)    Turns: 3731, Time: 00:11:09

Health: -1/32      AC:  3    Str:  5    XL:     6   Next: 4%
Magic:  9/17       EV: 14    Int: 22    God:
Gold:   160        SH:  0    Dex: 15    Spells: 8/17 levels left

rFire    . . .     SeeInvis .   d - +0 dagger
rCold    . . .     Gourm    .   a - +0 robe
rNeg     . . .     Faith    .   (no shield)
rPois    .         Spirit   .   m - +1 hat
rElec    .         Reflect  .   (no cloak)
rCorr    .         Harm     .   (no gloves)
MR       .....                  (no boots)
Stlth    ++........             (no amulet)
Regen    0.1/turn               (no ring)
                                (no ring)

@: no status effects
A: no striking features
a: no special abilities


You were on level 4 of the Dungeon.
You were not hungry.

You visited 1 branch of the dungeon, and saw 4 of its levels.

You collected 160 gold pieces.

Inventory:

Hand Weapons
 d - a +0 dagger (weapon)
   (You took it off a kobold on level 1 of the Dungeon)
Armour
 a - a +0 robe (worn)
 m - a +1 hat (worn)
   (You found it on level 3 of the Dungeon)
Jewellery
 k - an uncursed ring of fire {unknown}
   (You found it on level 4 of the Dungeon)
 o - an uncursed ring of protection from fire {unknown}
   (You found it on level 3 of the Dungeon)
Wands
 t - a wand of lightning (10/15)
   (You found it on level 4 of the Dungeon)
 u - a wand of flame (25/48)
   (You found it on level 4 of the Dungeon)
Scrolls
 e - 5 scrolls of identify {unknown}
 h - 5 scrolls of teleportation {unknown}
 n - a scroll of recharging {unknown}
 s - 2 scrolls of noise {unknown}
 v - a scroll of remove curse {unknown}
Potions
 i - a potion of agility {unknown}
 j - 2 potions of heal wounds {unknown}
 l - 2 potions of curing
 p - a potion of flight {unknown}
 q - a potion of invisibility {unknown}
Books
 b - a book of Frost
Comestibles
 c - 4 bread rations {@e1}
 f - 8 fruits
 g - a royal jelly
 r - a meat ration {@e2}


   Skills:
 + Level 3.7 Dodging
 - Level 2.4 Stealth
 * Level 6.0 Spellcasting
 - Level 1.1 Conjurations
 * Level 5.4 Ice Magic


You had 8 spell levels left.
You knew the following spells:

 Your Spells              Type           Power        Failure   Level  Hunger
a - Freeze                Ice            ####         1%          1    None
b - Summon Ice Beast      Ice/Summ       ###.....     34%         4    ###....
x - Throw Icicle          Conj/Ice       ###.....     28%         4    ###....


Dungeon Overview and Level Annotations

Branches:
Dungeon (4/15)
 Temple: D:4-7

Altars:
Gozag


Message History

Sorry, you're not good enough to have a special ability.
You are feeling very hungry.
Your magical contamination has completely faded away.
Health restored: 28 You regained 2 mp, and now have 12/15 mp.
There is a stone staircase leading down here.
You climb downwards.
There is a stone staircase leading up here.
s - 2 scrolls labeled GACY IBYGA (gained 1) MP restored: 15 You now have 141 gold pieces (gained 14).
You now have 149 gold pieces (gained 8).
Found a stone staircase leading down.
There is a stone staircase leading down here.
You now have 160 gold pieces (gained 11).
You see here 25 bolts.
You see here a robe.
An adder comes into view.
The adder hisses angrily.
You hit the adder. The adder completely misses you.
Aim: an adder (lightly wounded)
You freeze the adder.
The adder seems to slow down.
The adder misses you.
You now have 14/15 mp.
Aim: an adder (moderately wounded, slow)
You freeze the adder.
You kill the adder!
You now have 13/15 mp.
You see here an adder corpse.
You butcher the adder corpse.
v - 2 chunks of flesh {@w0} Autoeating chunks.
Eating one of 2 chunks of flesh {@w0}.
You eat one of the 2 chunks of flesh {@w0}.
You are feeling hungry.
Autoeating chunks.
Eating a chunk of flesh {@w0}.
You eat the chunk of flesh {@w0}.
v - a scroll labeled POUPHECUVU MP restored: 15 You open the door. 2 hounds and a gnoll come into view.
The hound barks!
The gnoll shouts!
The hound barks!
The hound closely misses you. The hound bites you.
There is an open door here.
You take 3 damage, and have 25/28 hp.
Aim: a hound You freeze the hound.
The hound bites you. The hound misses you. The gnoll barely misses you.
You take 2 damage, and have 23/28 hp.
You now have 14/15 mp.
Aim: a hound (moderately wounded)
You freeze the hound. The hound closely misses you. The hound misses you.
The gnoll hits you from afar with a halberd!
The hound bites you but does no damage. The hound barely misses you.
You take 10 damage, and have 13/28 hp.
MASSIVE DAMAGE!!
You now have 13/15 mp.
Aim: a hound (severely wounded)
You freeze the hound.
You kill the hound!
The hound closely misses you.
The gnoll hits you from afar with a halberd!
* * * LOW HITPOINT WARNING * * *
You take 11 damage, and have 2/28 hp.
MASSIVE DAMAGE!!
You now have 12/15 mp.
The hound misses you. The hound bites you but does no damage.
The hound barely misses you.
The hound stops to sniff the ground.
The hound barely misses you.
Okay, then.
It was a potion of curing.
You feel better. The hound misses you.
You regained 9 hp, and now have 11/28 hp.
Aim: a hound You freeze the hound.
The hound bites you. The gnoll barely misses you. The hound misses you.
You take 2 damage, and have 9/28 hp.
You now have 12/15 mp.
Aim: a hound (moderately wounded)
You freeze the hound. The hound barely misses you. The gnoll barely misses you.
You now have 11/15 mp.
Aim: a hound (severely wounded)
You freeze the hound. The hound bites you.
* * * LOW HITPOINT WARNING * * *
The gnoll closely misses you. The hound closely misses you.
You take 1 damage, and have 8/28 hp.
Aim: a hound (severely wounded)
You freeze the hound. The hound barely misses you. The gnoll misses you.
You now have 10/15 mp.
Aim: a hound (almost dead)
You freeze the hound.
You kill the hound!
Your Spellcasting skill increases to level 6!
You have reached level 6!
Your experience leads to an increase in your attributes!
Increase (S)trength, (I)ntelligence, or (D)exterity?
You feel clever. The gnoll misses you.
You see here a hound corpse.
Aim: a gnoll, wielding a halberd You freeze the gnoll.
The gnoll hits you with a halberd!
You die...

#.# 8...8##.##..#
### #.# #.# ##8##
#.##..# #.# #.# ##
#.##.P#+#+# #..
#.# #.#...'...#
#.. #.#
#.#..P#...######..
#.#
#.#...#...#.....%.
#.#
#.#...###########.
#.#
#.g......#.#####.#
#.#
#@#.............##
#.#
#.#..#####.#####.#
#.# #.#..#
#........ #.#
#.#..# #######..
#.# #.#..# #.# #.#
#.#..# #.# #.#
#.#..# #.# #.#
#.#..# #.# #.#
#.#..# ##.#


You could see a gnoll.

Vanquished Creatures
  A scorpion (D:4)
  2 hounds (D:4)
  2 worker ants
  5 adders
  An ooze (D:4)
  A worm (D:2)
  A dart slug (D:2)
  A leopard gecko (D:3)
  6 orcs
  2 ball pythons (D:2)
  2 giant cockroaches
  4 hobgoblins
  6 jackals
  A quokka (D:3)
  7 bats
  A frilled lizard (D:2)
  3 goblins
  8 kobolds
  11 rats
65 creatures vanquished.

Notes
Turn   | Place    | Note
-------+----------+-------------------------------------------
     0 | D:1      | drasked the Deep Elf Ice Elementalist began the quest for the Orb.
     0 | D:1      | Reached XP level 1. HP: 10/10 MP: 6/6
   359 | D:1      | Reached XP level 2. HP: 15/15 MP: 5/8
  1422 | D:2      | Reached XP level 3. HP: 16/19 MP: 3/10
  1426 | D:2      | Reached skill level 4 in Ice Magic
  1550 | D:2      | Reached skill level 4 in Spellcasting
  2278 | D:3      | Reached XP level 4. HP: 19/24 MP: 7/12
  2439 | D:3      | Reached skill level 3 in Dodging
  2558 | D:3      | Reached skill level 5 in Spellcasting
  3079 | D:4      | Found an opulent altar of Gozag.
  3093 | D:4      | Noticed an ogre
  3156 | D:4      | Reached XP level 5. HP: 28/28 MP: 7/14
  3224 | D:4      | Learned a level 4 spell: Throw Icicle
  3229 | D:4      | Learned a level 4 spell: Summon Ice Beast
  3279 | D:4      | Reached skill level 5 in Ice Magic
  3716 | D:4      | HP: 2/28 [gnoll/halberd (12)]
  3729 | D:4      | Reached skill level 6 in Spellcasting
  3729 | D:4      | Reached XP level 6. HP: 9/32 MP: 10/17
  3731 | D:4      | Slain by a gnoll

Vault maps used:
D:1:      matt_arrival_diagonals
D:2:      mumra_celtic_spiral_tile
D:4:      nicolae_overflow_hidden_temple, grunt_gozag_statues,
          cheibrodos_gnoll_hut

Skill      XL: |  1  2  3  4  5 |
---------------+----------------+-----
Ice Magic      | 4 5 |  5.4
Spellcasting   | 4 5 6 |  6.0
Dodging        | 3 |  3.7
Stealth        | |  2.4
Conjurations   | |  1.1

Action                   |  1- 3 |  4- 6 || total
-------------------------+-------+-------++-------
Melee: Dagger            |    14 |     4 ||    18
       Unarmed           |     1 |       ||     1
 Cast: Freeze            |    46 |    59 ||   105
       Throw Icicle      |       |     1 ||     1
  Use: Potion            |       |     1 ||     1
 Stab: Sleeping          |     5 |     1 ||     6
  Eat: Chunk             |     4 |     5 ||     9
Armor: Robe              |     2 |     8 ||    10
Dodge: Dodged            |    36 |    50 ||    86

Vault maps used:
D:1:      matt_arrival_diagonals
D:2:      mumra_celtic_spiral_tile
D:4:      nicolae_overflow_hidden_temple, grunt_gozag_statues,
          cheibrodos_gnoll_hut

Table legend:
 A = Turns spent in this place as a percentage of turns spent in the entire game.
 B = Non-inter-level travel turns spent in this place as a percentage of non-inter-level travel turns spent in the entire game.
 C = Inter-level travel turns spent in this place as a percentage of turns spent in this place.
 D = Turns resting spent in this place as a percentage of non-inter-level travel turns spent in this place.
 E = Turns spent auto-exploring this place as a percentage of non-inter-level travel turns spent in this place.
 F = Non-inter-level travel turns spent in this place divided by the number of levels of this place that you've seen.
                   A       B       C       D       E      F
               +-------+-------+-------+-------+-------+----------------------
         Total | 100.0 | 100.0 |   0.5 |   2.0 |  11.3 | 230.5
       Dungeon | 100.0 | 100.0 |   0.5 |   2.0 |  11.3 | 230.5
               +-------+-------+-------+-------+-------+----------------------

Table legend:
 A = Kills in this place as a percentage of kills in entire the game.
 B = Kills by you in this place as a percentage of kills by you in the entire game.
 C = Kills by friends in this place as a percentage of kills by friends in the entire game.
 D = Other kills in this place as a percentage of other kills in the entire game.
 E = Experience gained in this place as a percentage of experience gained in the entire game.
 F = Experience gained in this place divided by the number of levels of this place that you have seen.
                   A       B       C       D       E      F
               +-------+-------+-------+-------+-------+----------------------
         Total | 100.0 | 100.0 |  -nan |  -nan | 100.0 |  99.0
       Dungeon | 100.0 | 100.0 |  -nan |  -nan | 100.0 |  99.0
               +-------+-------+-------+-------+-------+----------------------
